 Dungeon Crawl Stone Soup version 0.17-a0-1-g1f4be75 (webtiles) character file.

527 Malachi the Ducker (level 7, -11/52 HPs)
             Began as a Demonspawn Gladiator on Mar 10, 2015.
             Was an Initiate of Ru.
             Killed by divine providence
             ... invoked by an orc priest
              (12 damage)
             ... on level 6 of the Dungeon.
             The game lasted 00:06:01 (4054 turns).

Malachi the Ducker (Demonspawn Gladiator)           Turns: 4054, Time: 00:06:01

Health: -11/52     AC: 15    Str: 17    XL:     7   Next: 2%
Magic:  0/7        EV:  8    Int: 10    God:    Ru [......]
Gold:   200        SH:  0    Dex: 12    Spells: 0 memorised, 6 levels left

rFire  . . .     SeeInvis +     a - +0 long sword
rCold  + . .     Clarity  +     t - +0 chain mail
rNeg   . . .     SustAb   .     (no shield)
rPois  .         Gourm    .     c - +0 helmet
rElec  .         Spirit   +     m - +0 cloak
rCorr  .         Warding  .     (no gloves)
rMut   .         Stasis   .     (no boots)
MR     .....                    i - amulet of clarity
Stlth  ..........               x - ring of wizardry
                                w - ring of see invisible

@: not resistant to hostile enchantments, extremely unstealthy
A: hooves 1, rough black scales 1, cold resistance 1, magic shield
a: Renounce Religion


You were on level 6 of the Dungeon.
You worshipped Ru.
Ru was noncommittal.
You were near starving.

You visited 2 branches of the dungeon, and saw 6 of its levels.

You collected 200 gold pieces.

Inventory:

Hand weapons
 a - a +0 long sword (weapon)
Missiles
 d - 5 throwing nets (quivered)
Armour
 c - a +0 helmet (worn)
 m - a +0 cloak (worn)
 t - a +0 chain mail (worn)
Magical staves
 r - an uncursed staff of fire
Jewellery
 i - an amulet of clarity (around neck)
 w - a ring of see invisible (left hand)
 x - a ring of wizardry (right hand)
 A - an uncursed amulet of guardian spirit {unknown}
Scrolls
 e - 2 scrolls of fog {unknown}
 n - 6 scrolls of remove curse {unknown}
 p - a scroll of amnesia {unknown}
 q - 4 scrolls of teleportation {unknown}
 s - a scroll of magic mapping {unknown}
 u - a scroll of enchant armour {unknown}
 y - a scroll of blinking {unknown}
 B - a scroll of identify {unknown}
 D - 3 scrolls of enchant weapon {unknown}
Potions
 b - a potion of poison {unknown}
 j - 2 potions of curing {unknown}
 k - 2 potions of heal wounds {unknown}
 l - 3 potions of restore abilities {unknown}
 o - a potion of berserk rage {unknown}
 v - a potion of lignification {unknown}
 z - a potion of brilliance {unknown}
 C - a potion of might {unknown}
Comestibles
 f - 5 bread rations
 g - 3 meat rations
 h - a royal jelly


   Skills:
 + Level 3.6 Fighting
 + Level 4.2 Long Blades
 + Level 1.7 Throwing
 + Level 3.6 Armour
 + Level 4.2 Dodging
 + Level 0.4 Stealth


You had 6 spell levels left.
You didn't know any spells.

Dungeon Overview and Level Annotations

Branches:
Dungeon (6/15)             Temple (1/1) D:6

Altars:
Ashenzari
Cheibriados
Dithmenos
Elyvilon
Gozag
Kikubaaqudgha
Makhleb
Nemelex Xobeh
Okawaru
Qazlal
Ru
Sif Muna
Xom
Yredelemnul
Zin


Innate Abilities, Weirdness & Mutations

You have large cloven feet.
You are partially covered in rough black scales (AC +4, Dex -1).
Your flesh is cold resistant.
When hurt, damage is shared between your health and your magic reserves.


Message History

The orc priest mumbles some strange prayers to Beogh against you.
Something smites you! The shadow imp barely misses you.
You slash the orc priest! Your kick misses the orc priest.
The orc priest is heavily wounded.
The orc hits you but does no damage.
The shadow imp hits you but does no damage.
The orc hits you but does no damage.
You hit the orc priest.
You kick the orc priest, but do no damage.
The orc priest is severely wounded.
The orc priest hits you but does no damage.
You are electrocuted!
* * * LOW HITPOINT WARNING * * *
The shadow imp closely misses you. The orc closely misses you.
The orc hits you but does no damage. The orc barely misses you.
The orc priest hits you but does no damage.
The orc hits you but does no damage. The orc barely misses you.
The orc priest invokes the aid of Beogh against you.
Something smites you!
You die...

#... # #..# # #### #..#
##### ###..####..#
####...###
###......##..###........[
.#........................
.......oo....####.........
..........o...# #.........
........o5@...# #.........
.........o..###
#......(... ........####
#.......... ....#####
#.......... ..#
#.......... ..........
....... ....


You could see an orc priest, a shadow imp and 4 orcs.

Vanquished Creatures
  An ogre (D:6)
  A phantom (D:6)
  A hound (D:6)
  A crimson imp (D:6)
  4 orc wizards
  3 worker ants
  Terence (D:2)
  3 adders
  A worm (D:2)
  4 giant geckos
  2 oozes
  6 orcs
  4 giant cockroaches
  7 hobgoblins
  10 jackals
  8 kobolds
  6 bats
  A giant gecko zombie (D:6)
  4 giant newts
  8 goblins
  9 rats
85 creatures vanquished.

Notes
Turn   | Place    | Note
--------------------------------------------------------------
     0 | D:1      | Malachi, the Demonspawn Gladiator, began the quest for the Orb.
     0 | D:1      | Reached XP level 1. HP: 16/16 MP: 1/1
   316 | D:1      | Reached skill level 3 in Long Blades
   387 | D:1      | Gained mutation: You have large cloven feet. [demonic ancestry]
   387 | D:1      | Reached XP level 2. HP: 22/22 MP: 2/2
   923 | D:1      | Reached skill level 1 in Armour
   923 | D:1      | Reached XP level 3. HP: 7/28 MP: 3/3
  1387 | D:2      | Noticed Terence
  1405 | D:2      | Killed Terence
  1651 | D:2      | Found a glowing silver altar of Zin.
  1769 | D:2      | Gained mutation: When hurt, damage is shared between your health and your magic reserves. [demonic ancestry]
  1769 | D:2      | Reached XP level 4. HP: 23/34 MP: 4/4
  1976 | D:3      | Found a snail-covered altar of Cheibriados.
  2044 | D:3      | Reached XP level 5. HP: 11/39 MP: 2/5
  3209 | D:4      | Found a deep blue altar of Sif Muna.
  3347 | D:4      | Gained mutation: You are partially covered in rough black scales (AC +4, Dex -1). [demonic ancestry]
  3347 | D:4      | Reached XP level 6. HP: 29/47 MP: 3/6
  3558 | D:4      | You fall through a shaft for 2 floors!
  3567 | D:6      | Reached skill level 4 in Long Blades
  3597 | D:6      | Found a staircase to the Ecumenical Temple.
  3664 | Temple   | Entered the Ecumenical Temple
  3810 | Temple   | Became a worshipper of Ru the Awakened
  4026 | D:6      | Gained mutation: Your flesh is cold resistant. [demonic ancestry]
  4026 | D:6      | Reached XP level 7. HP: 50/52 MP: 7/7
  4052 | D:6      | HP: 1/52 [orc priest/dagger of electrocution (18)]
  4054 | D:6      | Killed from afar by an orc priest

Action                   |  1- 3 |  4- 6 |  7- 9 || total
-------------------------+-------+-------+-------++-------
Melee: Long sword        |   162 |   242 |     8 ||   412
Throw: Throwing net      |     1 |       |       ||     1
 Stab: Held in net/web   |     1 |       |       ||     1
  Eat: Chunk             |     2 |     7 |       ||     9
